 Dungeon Crawl Stone Soup version 0.30-a0-1082-g70414cbcbb (webtiles) character file.

Game seed: 10137067192296680318

38208 pokeman the Eclecticist (level 13, -12/74 HPs)
             Began as a Deep Elf Hedge Wizard on Apr 15, 2023.
             Was a High Priest of Vehumet.
             Mangled by a vault guard
             ... wielding a +2 great sword
              (22 damage)
             ... on level 14 of the Dungeon.
             The game lasted 00:49:48 (20782 turns).

pokeman the Eclecticist (Deep Elf Hedge Wizard)    Turns: 20782, Time: 00:49:49

Health: -12/74     AC: 11    Str:  7    XL:     13   Next: 62%
Magic:  11/38      EV: 13    Int: 25    God:    Vehumet [*****.]
Gold:   399        SH:  0    Dex: 14    Spells: 26/51 levels left

rFire   + . .      SeeInvis .    v - staff of conjuration
rCold   . . .      Faith    .    (no shield)
rNeg    . . .      Spirit   .    F - +2 robe {rF+}
rPois   .          Reflect  .    X - +2 hat
rElec   .          Rampage  .    b - +1 cloak
rCorr   +                        x - +0 pair of gloves
Will    ++...                    l - +0 pair of boots
Stlth   ++                       K - amulet of the acrobat
HPRegen 0.32/turn                E - ring of resist corrosion
MPRegen 0.26/turn                W - ring of willpower

@: about to teleport
A: no striking features
a: Renounce Religion


You were on level 14 of the Dungeon.
You worshipped Vehumet.
Vehumet was extremely pleased with you.
You visited 2 branches of the dungeon, and saw 15 of its levels.

You collected 1199 gold pieces.
You spent 800 gold pieces at shops.

Inventory:

Hand Weapons
 P - a +2 falchion of electrocution
Armour
 b - a +1 cloak (worn)
 e - the +1 buckler of Vexation {Contam +Inv rPois Regen+ Str-3}
   (You acquired it in the Ecumenical Temple)

   Str:       It affects your strength (-3).
   rPois:     It protects you from poison.
   +Inv:      It lets you turn invisible.
   Contam:    It causes magical contamination when unequipped.
   Regen:     It increases your rate of health regeneration.
 l - a +0 pair of boots (worn)
 x - a +0 pair of gloves (worn)
 F - a +2 robe of fire resistance (worn)
 X - a +2 hat (worn)
Magical Staves
 v - a staff of conjuration (weapon)
Jewellery
 i - a ring of ice
 E - a ring of resist corrosion (left hand)
 K - an amulet of the acrobat (around neck)
 W - a ring of willpower (right hand)
Wands
 w - a wand of roots (10)
 G - a wand of quicksilver (6)
 T - a wand of digging (2)
Scrolls
 a - 7 scrolls of magic mapping
 y - 3 scrolls of teleportation
 D - a scroll of fear {unknown}
 H - 5 scrolls of enchant weapon {unknown}
 M - 3 scrolls of blinking {unknown}
 O - 3 scrolls of immolation {unknown}
Potions
 d - a potion of magic
 g - 4 potions of haste
 j - 8 potions of curing
 A - a potion of heal wounds
 B - 4 potions of brilliance {unknown}
 I - 3 potions of attraction {unknown}
 J - a potion of invisibility {unknown}
 U - 2 potions of flight {unknown}
Miscellaneous
 Y - a condenser vane


   Skills:
 - Level 6.0 Fighting
 - Level 6.0 Armour
 - Level 3.0 Dodging
 - Level 3.0 Stealth
 + Level 1.5 Shields
 * Level 19.5 Spellcasting
 + Level 11.8 Conjurations
 - Level 5.0 Summonings
 - Level 1.1 Translocations
 + Level 10.1 Fire Magic
 - Level 1.0 Ice Magic
 - Level 1.0 Air Magic
 - Level 1.0 Earth Magic
 - Level 1.1 Poison Magic
 - Level 1.1 Evocations


You had 26 spell levels left.
You knew the following spells:

 Your Spells              Type           Power      Damage    Failure   Level
a - Magic Dart            Conj           100%       1d8       0%          1
b - Mephitic Cloud        Conj/Pois/Air  64%        N/A       1%          3
c - Call Imp              Summ           98%        N/A       1%          2
d - Blink                 Tloc           58%        N/A       1%          2
e - Foxfire               Conj/Fire      100%       2x1d9     0%          1
f - Fireball              Conj/Fire      43%        3d17      1%          5
g - Freezing Cloud        Conj/Ice/Air   31%        6-21      2%          5
h - Iron Shot             Conj/Erth      35%        9d7       5%          6

Your spell library contained the following spells:

 Spells                   Type           Power      Damage    Failure   Level
 Yara's Violent Unravell  Hex/Tmut       12%        3d7       13%         5
 Slow                     Hex            96%        N/A       1%          1
 Sting                    Tmut/Pois      100%       1d8       1%          1
 Cigotuvi's Dreadful Rot  Necr/Pois/Air  54%        N/A       1%          2
 Lesser Beckoning         Tloc           58%        N/A       1%          2
 Momentum Strike          Conj/Tloc      100%       3d10      1%          2
 Poisonous Vapours        Pois/Air       58%        N/A       1%          2
 Static Discharge         Conj/Air       100%       2-7/arc   1%          2
 Ignite Poison            Fire/Tmut/Pois 43%        N/A       1%          3
 Sticky Flame             Conj/Fire      87%        2d10      1%          4
 Starburst                Conj/Fire      43%        6d12      1%          6
 Ensorcelled Hibernation  Hex/Ice        52%        N/A       2%          2
 Gell's Gravitas          Tloc           29%        N/A       3%          3
 Teleport Other           Tloc           29%        N/A       3%          3
 Airstrike                Air            14%        2d(3-19)  3%          4
 Olgreb's Toxic Radiance  Pois           29%        N/A       3%          4
 Spider Form              Tmut/Pois      27%        N/A       4%          3
 Animate Armour           Summ/Erth      78%        N/A       5%          4
 Summon Lightning Spire   Summ/Air       39%        N/A       5%          4
 Plasma Beam              Fire/Air       25%        2x1d41    8%          6
 Summon Forest            Summ/Tloc      19%        N/A       14%         5
 Petrify                  Tmut/Erth      26%        N/A       16%         4
 Anguish                  Hex/Necr       12%        N/A       19%         4
 Cause Fear               Hex            12%        N/A       19%         4
 Metabolic Englaciation   Hex/Ice        13%        N/A       38%         5
 Ignition                 Fire           33%        3d10      41%         8
 Blade Hands              Tmut           12%        N/A       45%         5
 Eringya's Noxious Bog    Tmut/Pois      13%        N/A       47%         6
 Summon Hydra             Summ           24%        N/A       90%         7
 Statue Form              Tmut/Erth      17%        N/A       93%         6
 Enfeeble                 Hex            12%        N/A       100%        7


Dungeon Overview and Level Annotations

Branches:
Dungeon (14/15)            Temple (1/1) D:5            Lair (0/5) D:11
    Orc (0/2) D:9
 Vaults: D:13-14

Altars:
Cheibriados
Dithmenos
Elyvilon
Fedhas
Gozag
Hepliaklqana
Kikubaaqudgha
Makhleb
Nemelex Xobeh
Qazlal
Sif Muna
Vehumet
Wu Jian
Xom
Yredelemnul
Zin
The Shining One

Shops:
D:4 :(:[

Portals:
Abyss: D:3

Annotations:
D:13 1 runed translucent door


Message History

The vault guard attacks as you move away!
The vault guard hits you with a +2 great sword!
* * * LOW HITPOINT WARNING * * *
The salamander is engulfed in noxious fumes.
The salamander appears confused.
The vault guard is engulfed in noxious fumes.
Unknown command.
You feel less confused.
The salamander is engulfed in noxious fumes.
The salamander appears confused.
The troll is engulfed in noxious fumes.
Casting: Mephitic Cloud (safe; 1% risk of failure)
Confirm with . or Enter, or press ? or * to list all spells.
You blink.
The salamander is engulfed in noxious fumes.
The salamander hits itself.
The troll is engulfed in noxious fumes.
The troll appears confused.
As you read the scroll of teleportation, it crumbles to dust.
You feel strangely unstable.
The salamander is engulfed in noxious fumes.
The troll is engulfed in noxious fumes.
Unknown command.
Casting: Blink (safe; 1% risk of failure)
Confirm with . or Enter, or press ? or * to list all spells.
A tiny devil pulls itself out of the air.
You feel stable enough to blink again. The vault guard barely misses you.
The troll bites the salamander.
The troll claws the salamander. x2; The troll bites itself.
The troll claws itself but does no damage.
The troll barely misses itself.
Unknown command.
You closely miss the vault guard.
The vault guard is moderately wounded.
The vault guard hits you with a +2 great sword!
* * * LOW HITPOINT WARNING * * *
Your cerulean imp hits the vault guard with a +1 spear.
Unknown command.
You closely miss the vault guard.
The vault guard is moderately wounded.
The vault guard hits you with a +2 great sword!!
You die...

#####.....#........#.....#
#.. #.....+........#.....#
#.. ...##########.....#
#.. .................# #)[
.................# #..
####...........)# ##.
#............# #.
#..######'#..## #.
#..#@.....#...# #.
.#####..##p....#...# #.
.........#N5...#...# ##.
.........#.....#...# #..
...........T...#...# ##.
.....########.##...#. #.
..... #.○....#.. #. .....
#......#... #. ....
#......#....#.


You could see a vault guard (ally target), a salamander shaped shifter
(confused), a troll (confused) and a friendly cerulean imp (summoned).

Vanquished Creatures
  Gastronok (D:12)
  Frances (D:14)
  A fire dragon (shapeshifter) (D:10)
  Erolcha (D:12)
  4 centaur warriors
  2 catoblepae (D:10)
  2 boulder beetles (D:10)
  A two-headed ogre (shapeshifter) (D:10)
  11 two-headed ogres
  A shadow wraith (D:14)
  A deep elf archer (D:10)
  A wizard (D:14)
  3 deep elf pyromancers
  5 ugly things
  A salamander (shapeshifter) (D:14)
  A cyclops (D:12)
  2 manticores
  A guardian serpent (shapeshifter) (D:13)
  Psyche (D:12)
  3 unseen horrors
  A freezing wraith (D:10)
  2 kobold demonologists (D:10)
  3 meliai (D:14)
  5 trolls
  8 slime creatures
  2 centaur simulacra (D:10)
  4 vampires
  3 shadows
  5 wraiths
  10 yaks
  The ghost of BleedingAnus the Trooper, an amateur MiFi (D:3)
  A basilisk (D:13)
  Menkaure (D:6)
  3 vampire mosquitoes (D:10)
  6 wargs
  3 acid dragons
  A water moccasin (D:7)
  6 orc warriors
  An ice beast (D:7)
  A sky beast (D:7)
  2 black bears (D:5)
  3 ogres
  10 centaurs
  3 phantoms
  2 small abominations (D:3)
  2 kobold brigands
  3 bullfrogs
  6 gnoll sergeants
  A scorpion (D:7)
  15 wights
  2 jellies
  6 killer bees (D:10)
  5 howler monkeys
  4 electric eels
  8 orc priests
  3 hounds
  A gnoll bouda (D:9)
  6 iguanas
  A sleepcap (D:6)
  Natasha (thrice) (D:2)
  17 orc wizards
  8 adders
  16 gnolls
  4 shadow imps
  A white imp (D:6)
  An ufetubus (D:4)
  2 worms
  50 orcs
  A bat (D:3)
  8 endoplasms
  5 giant cockroaches
  9 goblins
  12 hobgoblins
  4 jackals (D:3)
  4 quokkas
  4 ball pythons
  5 frilled lizards
  A goblin skeleton (D:6)
  3 hobgoblin zombies (D:6)
  12 kobolds
  6 rats
370 creatures vanquished.

Vanquished Creatures (collateral kills)
  A centaur (D:6)
  An orc wizard (D:3)
  An orc (D:5)
  A goblin skeleton (D:6)
  A goblin zombie (D:6)
  A hobgoblin zombie (D:6)
  2 orc zombies (D:6)
8 creatures vanquished.

Vanquished Creatures (others)
  296 foxfires
  60 plants
356 creatures vanquished.

Grand Total: 734 creatures vanquished

Notes
Turn   | Place    | Note
-------+----------+-------------------------------------------
     0 | D:1      | pokeman the Deep Elf Hedge Wizard began the quest for the
                  | Orb.
     0 | D:1      | Reached XP level 1. HP: 10/10 MP: 7/7
   101 | D:1      | Reached XP level 2. HP: 13/16 MP: 1/9
   550 | D:1      | Reached skill level 5 in Spellcasting
   722 | D:1      | Reached XP level 3. HP: 20/20 MP: 3/11
   726 | D:1      | Learned a level 3 spell: Mephitic Cloud
   729 | D:1      | Learned a level 2 spell: Call Imp
   732 | D:1      | Learned a level 2 spell: Blink
  1376 | D:2      | Found a faded altar of an unknown god.
  1390 | D:2      | Reached skill level 1 in Armour
  1454 | D:2      | Reached skill level 1 in Fighting
  1546 | D:2      | Noticed Natasha
  1557 | D:2      | Killed Natasha
  1558 | D:2      | Reached XP level 4. HP: 20/25 MP: 4/13
  1821 | D:2      | Noticed Natasha
  1846 | D:2      | Killed Natasha
  2015 | D:2      | Reached skill level 6 in Spellcasting
  2093 | D:2      | Noticed Natasha
  2101 | D:2      | Reached XP level 5. HP: 23/29 MP: 12/15
  2103 | D:2      | Killed Natasha
  2312 | D:3      | Found a transporter.
  2334 | D:3      | Found a transporter.
  2610 | D:3      | Reached skill level 1 in Air Magic
  2610 | D:3      | Reached skill level 1 in Poison Magic
  3196 | D:3      | Found a one-way gate to the infinite horrors of the Abyss.
  3196 | D:3      | Noticed BleedingAnus's ghost (amateur MiFi)
  3387 | D:4      | Found a shimmering blue altar of Sif Muna.
  3401 | D:4      | Reached XP level 6. HP: 27/34 MP: 4/17
  3561 | D:4      | Reached skill level 7 in Spellcasting
  3561 | D:4      | Reached skill level 1 in Evocations
  3644 | D:4      | Found Vyush's Armour Shoppe.
  3680 | D:4      | Learned a level 5 spell: Freezing Cloud
  3831 | D:4      | Found a basalt altar of Yredelemnul.
  3831 | D:4      | Found a shimmering altar of Xom.
  3892 | D:4      | Found Puurin's Book Shop.
  3994 | D:4      | Found Keacs's Weapon Boutique.
  4087 | D:4      | Found Plog's Book Shoppe.
  4620 | D:5      | Entered Level 5 of the Dungeon
  4811 | D:5      | Found an ornate altar of the Wu Jian Council.
  4847 | D:5      | Reached skill level 1 in Ice Magic
  4853 | D:5      | Reached XP level 7. HP: 26/39 MP: 8/20
  5045 | D:5      | Reached skill level 8 in Spellcasting
  5400 | D:5      | Found a staircase to the Ecumenical Temple.
  5438 | Temple   | Entered the Ecumenical Temple
  5627 | D:5      | Reached XP level 8. HP: 40/44 MP: 20/22
  5757 | Temple   | Became a worshipper of Vehumet
  6063 | D:5      | Reached skill level 9 in Spellcasting
  6583 | D:6      | Found a glowing golden altar of the Shining One.
  6604 | D:6      | Reached skill level 5 in Conjurations
  6885 | D:6      | Noticed Menkaure
  6901 | D:6      | Killed Menkaure
  6902 | D:6      | Reached skill level 10 in Spellcasting
  7331 | D:6      | Found a hazy altar of Hepliaklqana.
  7398 | D:6      | Reached * piety under Vehumet
  7398 | D:6      | Offered knowledge of Kiss of Death by Vehumet.
  7722 | D:6      | Reached XP level 9. HP: 46/49 MP: 18/25
  8131 | D:7      | Reached skill level 11 in Spellcasting
  8379 | D:4      | Bought a book of Fire for 440 gold pieces
  8381 | D:4      | Learned a level 1 spell: Foxfire
  8387 | D:4      | Learned a level 5 spell: Fireball
  8460 | D:7      | Reached skill level 5 in Summonings
  8460 | D:7      | Noticed a two-headed ogre
  8468 | D:7      | Killed a two-headed ogre
  8469 | D:7      | Reached skill level 1 in Fire Magic
  8764 | D:7      | Reached skill level 12 in Spellcasting
  9251 | D:8      | Offered knowledge of Freeze by Vehumet.
  9344 | D:8      | Reached ** piety under Vehumet
 10094 | D:9      | Reached XP level 10. HP: 43/56 MP: 17/28
 10489 | D:9      | Found a sparkling altar of Nemelex Xobeh.
 10624 | D:9      | Noticed a two-headed ogre
 10644 | D:9      | Killed a two-headed ogre
 10645 | D:9      | Reached skill level 13 in Spellcasting
 10940 | D:9      | Found a staircase to the Orcish Mines.
 11397 | D:10     | Entered Level 10 of the Dungeon
 11453 | D:10     | Noticed a catoblepas
 11468 | D:10     | Killed a catoblepas
 11555 | D:10     | Noticed a two-headed ogre
 11558 | D:10     | Killed a two-headed ogre
 11559 | D:10     | Reached skill level 14 in Spellcasting
 11559 | D:10     | Reached skill level 5 in Fire Magic
 11727 | D:10     | Offered knowledge of Hailstorm by Vehumet.
 11767 | D:10     | Noticed a two-headed ogre
 11776 | D:10     | Killed a two-headed ogre
 11777 | D:10     | Reached XP level 11. HP: 32/61 MP: 21/31
 12257 | D:10     | Reached *** piety under Vehumet
 12327 | D:10     | Noticed a deep elf pyromancer
 12331 | D:10     | Killed a deep elf pyromancer
 12483 | D:10     | Reached skill level 15 in Spellcasting
 12484 | D:10     | Noticed a two-headed ogre
 12487 | D:10     | Killed a two-headed ogre
 12763 | D:10     | Noticed a boulder beetle
 12785 | D:10     | Killed a boulder beetle
 12786 | D:10     | Reached skill level 5 in Armour
 13034 | D:10     | Noticed a boulder beetle
 13044 | D:10     | Killed a boulder beetle
 13174 | D:10     | Noticed a centaur warrior
 13176 | D:10     | Killed a centaur warrior
 13177 | D:10     | Reached skill level 16 in Spellcasting
 13185 | D:10     | Reached skill level 1 in Earth Magic
 13195 | D:10     | Offered knowledge of Iskenderun's Mystic Blast by Vehumet.
 13199 | D:10     | Noticed a catoblepas
 13200 | D:10     | Noticed a two-headed ogre
 13208 | D:10     | Killed a two-headed ogre
 13217 | D:10     | Killed a catoblepas
 13606 | D:10     | Reached XP level 12. HP: 68/68 MP: 24/34
 13776 | D:10     | Noticed a two-headed ogre
 13782 | D:10     | Killed a two-headed ogre
 13783 | D:10     | Reached skill level 5 in Fighting
 13799 | D:10     | a goliath frog changed into a fire dragon
 13799 | D:10     | Noticed a fire dragon (shapeshifter)
 13810 | D:10     | Killed a fire dragon
 13811 | D:10     | Reached skill level 10 in Conjurations
 14036 | D:10     | Reached **** piety under Vehumet
 14172 | D:10     | Reached skill level 17 in Spellcasting
 14177 | D:10     | Offered knowledge of Inner Flame by Vehumet.
 14461 | D:10     | Noticed a two-headed ogre
 14465 | D:10     | Killed a two-headed ogre
 14983 | D:3      | Killed BleedingAnus's ghost
 15268 | D:4      | Bought a book of Iron for 360 gold pieces
 15275 | D:4      | Learned a level 6 spell: Iron Shot
 15408 | D:11     | Noticed a two-headed ogre
 15411 | D:11     | Killed a two-headed ogre
 15520 | D:11     | Found a staircase to the Lair.
 15565 | D:11     | Noticed a two-headed ogre
 15568 | D:11     | Killed a two-headed ogre
 16521 | D:12     | Reached skill level 18 in Spellcasting
 16802 | D:12     | Noticed Psyche
 16807 | D:12     | Killed Psyche
 17004 | D:12     | Noticed Gastronok
 17006 | D:12     | Noticed Erolcha
 17011 | D:12     | Killed Gastronok
 17018 | D:12     | Killed Erolcha
 17019 | D:12     | Reached XP level 13. HP: 74/74 MP: 10/37
 18166 | D:13     | Found a runed translucent door.
 18170 | D:13     | Noticed an ettin
 18170 | D:13     | Identified the staff of cold "Buomas" {rC+ Str+2}
 18748 | D:13     | Reached ***** piety under Vehumet
 18952 | D:13     | Offered knowledge of Yara's Violent Unravelling by Vehumet.
 19257 | D:13     | Identified a scroll of acquirement
 19779 | Temple   | Acquired the +1 buckler of Vexation {Contam +Inv rPois
                  | Regen+ Str-3}
 20053 | D:14     | Reached skill level 19 in Spellcasting
 20139 | D:14     | Noticed Frances
 20162 | D:14     | Killed Frances
 20369 | D:14     | Reached skill level 1 in Shields
 20369 | D:14     | Reached skill level 10 in Fire Magic
 20782 | D:14     | Mangled by a vault guard

Illustrated notes

Levels and vault maps discovered:
D:1:      shiori_shiawase, layout_basic, minmay_worlds_worst_comb
D:2:      layout_basic, hellmonk_ecumenical_altar_arch_garden, uniq_natasha
D:3:      layout_loops_ring, gammafunk_ghost_abyssal_escape,
          hangedman_decor_push
D:4:      layout_loops_ring, amcnicky_altar_gilded,
          nicolae_overflow_two_pavilions, serial_shops,
          nicolae_shop_pleasant_corner_grove, nicolae_shop_bloodbath_and_beyond,
          nicolae_shop_peninsula, shop, chequers_serial_rivers_micro_b
D:5:      layout_loops_corners, nzn_wu_jian_contemplation,
          minmay_temple_entry_junction_2, kennysheep_generic_room_15
D:6:      wad_lake_hut, layout_rooms, nicolae_tso_besieged_by_evil,
          mainiacjoe_overflow_boulevard, kennysheep_nub, uniq_menkaure
D:7:      layout_loops_ring
D:8:      layout_loops_ring, lightli_orcish_oven
D:9:      layout_basic, nemelex_diamond_rough_becter, david_orc_3
D:10:     nzn_winding_woodlands_large [nzn_winding_woodlands_5x5_checkerboard,
          nzn_winding_woodlands_5x15_split_checker,
          nzn_winding_woodlands_5x5_cross,
          nzn_winding_woodlands_center_pierced_h,
          nzn_winding_woodlands_15x15_five_gardens,
          nzn_winding_woodlands_center_garden,
          nzn_winding_woodlands_5x5_closed_star,
          nzn_winding_woodlands_5x15_lazy_stream,
          nzn_winding_woodlands_5x5_three], layout_cave_pods, nooodl_orcs_dogs
D:11:     layout_roguey, dpeg_oklobed_lair
D:12:     layout_basic, uniq_gastronok, uniq_psyche, uniq_erolcha
D:13:     layout_basic, minmay_st_funbox, minivault_10
D:14:     minmay_isolated_rectangles_in_corner, layout_irregular_city,
          david_vaults_4, chequers_garden, uniq_frances
Temple:   regret_index_temple_generic_petals

Skill      XL: |  1  2  3  4  5  6  7  8  9 10 11 12 13 |
---------------+----------------------------------------+-----
Spellcasting   | 5 6 7 8 10 12 14 16 18 19 | 19.5
Conjurations   | 2 3 4 5 7 8 9 11 | 11.8
Armour         | 1 3 4 5 6 |  6.0
Fighting       | 1 2 3 4 6 |  6.0
Dodging        | 3 |  3.0
Stealth        | 3 |  3.0
Air Magic      | 1 |  1.0
Poison Magic   | 1 |  1.1
Evocations     | 1 |  1.1
Ice Magic      | 1 |  1.0
Summonings     | 3 4 5 |  5.0
Fire Magic     | 3 5 7 9 10 | 10.1
Earth Magic    | 1 |  1.0
Shields        | 1 |  1.5
Translocations | |  1.1

Action                     |  1- 3 |  4- 6 |  7- 9 | 10-12 | 13-15 || total
---------------------------+-------+-------+-------+-------+-------++-------
  Melee: Dagger            |    17 |    54 |       |       |       ||    71
         War axe           |       |    21 |    33 |       |       ||    54
         Punch             |       |     1 |     3 |     1 |       ||     5
         Short sword       |       |       |    67 |     9 |       ||    76
         Falchion          |       |       |       |    33 |     4 ||    37
         Staff             |       |       |       |       |     6 ||     6
   Cast: Magic Dart        |    95 |   118 |   180 |     3 |       ||   396
         Mephitic Cloud    |     1 |    14 |    31 |    16 |     7 ||    69
         Call Imp          |       |     4 |     6 |     1 |     1 ||    12
         Blink             |       |       |     1 |     5 |     2 ||     8
         Foxfire           |       |       |   104 |    60 |     3 ||   167
         Fireball          |       |       |       |   165 |    89 ||   254
         Freezing Cloud    |       |       |       |     7 |     4 ||    11
         Iron Shot         |       |       |       |     2 |     4 ||     6
  Evoke: Wand              |       |       |       |     9 |     3 ||    12
    Use: Scroll            |       |       |       |       |    23 ||    23
   Stab: Confused          |     1 |     8 |     8 |     3 |     1 ||    21
 Armour: Robe              |     3 |    20 |    37 |     9 |     4 ||    73
  Dodge: Dodged            |    19 |    64 |    96 |    66 |    18 ||   263

Table legend: (Time is in decaauts)
 A = Elapsed time spent in this place.
 B = Non-inter-level travel time spent in this place.
 C = Inter-level travel time spent in this place.
 D = Time resting spent in this place.
 E = Time spent auto-exploring this place.
 F = Levels seen in this place.
 G = Mean time per level.
                   A        B        C        D        E       F      G
               +--------+--------+--------+--------+--------+-----+--------+
         Total |  20901 |  19378 |   1523 |   1640 |  14984 |  15 | 1393.4 |
       Dungeon |  20499 |  19032 |   1467 |   1503 |  14869 |  14 | 1464.2 |
        Temple |    401 |    345 |     56 |    137 |    115 |   1 |  401.0 |
               +--------+--------+--------+--------+--------+-----+--------+

Top non-repeatable levels by time:
    D:10: 3230 daAuts
    D:13: 1890 daAuts
     D:6: 1673 daAuts
    D:12: 1648 daAuts
     D:5: 1545 daAuts
     D:9: 1409 daAuts
     D:4: 1382 daAuts
     D:3: 1379 daAuts
     D:8: 1302 daAuts
     D:7: 1196 daAuts
     D:1: 1193 daAuts
     D:2: 1075 daAuts
    D:11: 1023 daAuts
    D:14: 550 daAuts
  Temple: 401 daAuts
